 Dungeon Crawl Stone Soup version 0.22.1-1-ga44c0e5 (webtiles) character file.

3131 Irenicus the Cleaver (level 9, 0/76 HPs)
             Began as a Deep Dwarf Monk on Oct 9, 2018.
             Killed from afar by a steam dragon (27 damage)
             ... with a ball of steam
             ... on level 7 of the Dungeon.
             The game lasted 00:24:44 (3798 turns).

Irenicus the Cleaver (Deep Dwarf Monk)              Turns: 3798, Time: 00:24:45

Health: 0/76       AC:  7    Str: 15    XL:     9   Next: 61%
Magic:  6/6        EV: 21    Int: 11    God:
Gold:   278        SH:  0    Dex: 18    Spells: 8/8 levels left

rFire    . . .     SeeInvis .   a - +1 hand axe
rCold    + . .     Gourm    .   (no shield)
rNeg     . . .     Faith    .   e - +1 leather armour
rPois    +         Spirit   .   l - +2 hat
rElec    .         Reflect  .   (no cloak)
rCorr    .         Harm     .   (no gloves)
MR       +....                  (no boots)
Stlth    ++........             (no amulet)
HPRegen  0.00/turn              h - +4 ring of evasion
MPRegen  0.10/turn              m - ring of protection from cold (curse) {rC+, !d}

@: non-regenerating
A: damage resistance, heal wounds, rugged brown scales 1, sense surroundings 2,
poison resistance, no regeneration
a: Heal Wounds


You were on level 7 of the Dungeon.
You were hungry.

You visited 2 branches of the dungeon, and saw 8 of its levels.

You collected 278 gold pieces.

Inventory:

Hand Weapons
 a - a +1 hand axe (weapon)
 q - a +0 war axe
   (You found it on level 6 of the Dungeon)
 s - a +0 battleaxe
   (You found it on level 6 of the Dungeon)
Armour
 e - a +1 leather armour (worn)
   (You found it on level 3 of the Dungeon)
 j - the +2 robe "Lizokot" {rF- rN+ rCorr}
   (You found it on level 4 of the Dungeon)

   It makes you vulnerable to fire.
   It protects you from negative energy.
   It provides partial protection from all sources of acid and corrosion.
 l - a +2 hat (worn)
   (You found it on level 4 of the Dungeon)
Jewellery
 h - a +4 ring of evasion (left hand)
   (You found it on level 3 of the Dungeon)
 i - an uncursed ring of positive energy {rN+}
   (You took it off an orc on level 3 of the Dungeon)
 m - a cursed ring of protection from cold (right hand) {rC+, !d}
   (You found it on level 5 of the Dungeon)
 o - an uncursed ring of teleportation {+/*tele, !d}
   (You found it on level 3 of the Dungeon)
Scrolls
 b - a scroll of remove curse
 d - 3 scrolls of identify
 g - a scroll of blinking {!r}
 p - a scroll of fog {unknown}
 r - a scroll of amnesia
Potions
 f - a potion of curing
 n - 2 potions of brilliance
Comestibles
 c - 8 rations


   Skills:
 - Level 2.6 Fighting
 + Level 13.2 Axes
 - Level 7.3 Dodging
 - Level 2.4 Stealth


You had 8 spell levels left.
You didn't know any spells.
Your spell library was empty.

Dungeon Overview and Level Annotations

Branches:
Dungeon (7/15)             Temple (1/1) D:5

Altars:
Dithmenos
Elyvilon
Hepliaklqana
Okawaru
Qazlal
Ru
Sif Muna
Trog
Uskayaw
Vehumet
Wu Jian
Xom
Yredelemnul
The Shining One

Shops:
D:5 ?   D:6 *

Annotations:
D:6 1 runed door, trianova's ghost, novice VSFi


Innate Abilities, Weirdness & Mutations

You are resistant to damage.
You can heal yourself by infusing magical energy.
You passively map the area around you.
You do not regenerate.
You are partially covered in rugged brown scales. (AC +1, +3% HP)
Your system is resistant to poisons. (rPois)


Message History

A steam dragon comes into view.
A steam dragon comes into view.
The steam dragon hisses angrily.
The steam dragon breathes steam at you. The ball of steam hits you!
* * * LOW HITPOINT WARNING * * *
You take 1 damage, and have 16/74 hp.
The fungus is engulfed in a cloud of scalding steam. x2
You feel much better.
The fungus is engulfed in a cloud of scalding steam. x3
You regained 23 hp, and now have 39/74 hp.
Okay, then.
The fungus is engulfed in a cloud of scalding steam. x6
The steam dragon breathes steam at you. The ball of steam misses you.
The fungus is engulfed in a cloud of scalding steam. x6
The steam dragon bites the fungus!
The steam dragon claws the fungus.
Really quaff
k - a potion of mutation {!q}?
You feel extremely strange.
You feel resistant to poisons.
Rugged brown scales grow over part of your body.
The steam dragon breathes steam at you.
The ball of steam hits the fungus.
The ball of steam hits you!
You take 10 damage, and have 29/76 hp.
The fungus is engulfed in a cloud of scalding steam.
The fungus is destroyed!
The steam dragon barely misses you. The steam dragon closely misses you.
You completely miss the steam dragon. You hit the fungus. x3
The fungus is engulfed in a cloud of scalding steam.
The steam dragon closely misses you. The steam dragon completely misses you.
You closely miss the steam dragon. You hit the fungus. x2
You hit the fungus but do no damage.
The fungus is engulfed in a cloud of scalding steam.
The fungus is destroyed!
The steam dragon bites you. The steam dragon closely misses you.
You barely miss the steam dragon. You hit the fungus but do no damage.
You hit the fungus. You hit the steam dragon.
The steam dragon closely misses you.
The steam dragon claws you but does no damage.
You hit the steam dragon but do no damage. x2
You hit the fungus. x2; The steam dragon closely misses you.
The steam dragon misses you.
You slash the steam dragon! You completely miss the fungus. You hit the fungus.
You barely miss the steam dragon. The steam dragon closely misses you.
The steam dragon misses you. x2; The steam dragon barely misses you.
Okay, then.
You hit the steam dragon.
You hit the steam dragon but do no damage.
You hit the fungus but do no damage. You hit the fungus.
The steam dragon misses you. x2
You hit the steam dragon but do no damage.
You hit the fungus. x2
You hit the steam dragon but do no damage.
The steam dragon completely misses you. The steam dragon closely misses you.
You hit the steam dragon.
You hit the steam dragon but do no damage.
You hit the fungus.
You destroy the fungus!
You hit the fungus. The steam dragon barely misses you.
The steam dragon claws you but does no damage.
The steam dragon closely misses you.
The steam dragon claws you but does no damage.
You hit the steam dragon. You hit the fungus.
You hit the steam dragon but do no damage.
The steam dragon barely misses you. The steam dragon completely misses you.
You barely miss the steam dragon. You slash the fungus!
You destroy the fungus!
You hit the steam dragon.
The steam dragon bites you but does no damage.
The steam dragon closely misses you.
You hit the steam dragon. x2; The steam dragon completely misses you. x2
The steam dragon closely misses you. The steam dragon misses you.
You barely miss the steam dragon.
You hit the steam dragon but do no damage.
The steam dragon breathes steam at you. The ball of steam hits you!
* * * LOW HITPOINT WARNING * * *
You take 21 damage, and have 8/76 hp.
MASSIVE DAMAGE!!
The steam dragon breathes steam at you. The ball of steam misses you.
You feel much better.
You regained 20 hp, and now have 28/76 hp.
You slash the steam dragon! You closely miss the steam dragon.
You hit the fungus. The steam dragon bites you. The steam dragon claws you.
The steam dragon closely misses you. The steam dragon completely misses you.
You take 1 damage, and have 27/76 hp.
You hit the steam dragon. You closely miss the steam dragon.
You hit the fungus.
The fungus is engulfed in a cloud of scalding steam.
The steam dragon misses you. The steam dragon closely misses you.
You barely miss the steam dragon. You hit the fungus but do no damage.
You hit the steam dragon but do no damage.
The steam dragon closely misses you. The steam dragon barely misses you.
You slash the steam dragon!
You kill the steam dragon!
The steam dragon scales are intact enough to wear.
You hit the steam dragon. You hit the fungus.
The steam dragon breathes steam at you. The ball of steam hits you!
You die...

,, , , , , , ,,, ,, * * , , ,,
, * , , , , , ,, ,,, , , ### ,
, , , , , ###.≈###,* #######
#≈≈≈≈P≈####### * ###P.≈..#
##≈...P≈≈P≈..P#######≈P.≈...#
#≈..........[@.....P≈.P≈P≈..#
#......PPP..D≈≈^.......^....#
*
#P....≈P#########≈≈...P..P..##
##≈PP.≈#$,, , ########^^...#
,##PPP# . , ,, .....####... ,
#### .. ,........#.†. ,, , ,
.. ,................. *,
.###.#...........(.... , * *
** #.#................


You could see a steam dragon.

Vanquished Creatures
  A two-headed ogre (D:6)
  Joseph (D:7)
  A steam dragon (D:7)
  An orc warrior (D:6)
  2 sky beasts
  A phantom (D:6)
  2 ogres (D:6)
  2 centaurs (D:6)
  4 bullfrogs
  A water moccasin zombie (D:4)
  A howler monkey (D:5)
  A bullfrog zombie (D:4)
  3 centaur zombies (D:4)
  4 hounds
  2 centaur skeletons (D:4)
  3 orc priests
  A bullfrog skeleton (D:7)
  2 worker ants
  2 iguanas
  6 orc wizards
  3 hound zombies
  4 hound skeletons
  5 worker ant zombies (D:4)
  A gnoll (D:1)
  3 adders
  An ooze (D:1)
  3 adder skeletons
  4 adder zombies (D:4)
  A dart slug (D:3)
  4 leopard geckos
  20 orcs
  2 ball pythons
  2 giant cockroaches
  11 goblins
  8 hobgoblins
  21 jackals
  5 quokkas
  A ball python zombie (D:4)
  3 bats (D:2)
  6 frilled lizards
  A jackal zombie (D:4)
  14 kobolds
  4 leopard gecko skeletons (D:4)
  A leopard gecko zombie (D:4)
  A quokka skeleton (D:4)
  3 quokka zombies (D:4)
  9 rats
  2 fungi (D:7)
184 creatures vanquished.

Vanquished Creatures (others)
  2 fungi (D:7)
2 creatures vanquished.

Grand Total: 186 creatures vanquished

Notes
Turn   | Place    | Note
-------+----------+-------------------------------------------
     0 | D:1      | Irenicus the Deep Dwarf Monk began the quest for the Orb.
     0 | D:1      | Reached XP level 1. HP: 20/20 MP: 1/1
    64 | D:1      | Reached skill level 4 in Axes
    64 | D:1      | Reached XP level 2. HP: 27/27 MP: 2/2
   165 | D:1      | Reached XP level 3. HP: 14/33 MP: 3/3
   349 | D:2      | HP: 7/33 [hobgoblin (2)]
   355 | D:2      | HP: 5/33 [hobgoblin (2)]
   358 | D:2      | Reached skill level 5 in Axes
   417 | D:2      | HP: 1/33 [goblin (3)]
   550 | D:2      | Found a bloodstained altar of Trog.
   839 | D:2      | Reached XP level 4. HP: 14/40 MP: 4/4
  1033 | D:3      | HP: 9/40 [dart slug/slug dart (3)]
  1049 | D:3      | HP: 9/40 [iguana (2)]
  1050 | D:3      | Reached skill level 6 in Axes
  1064 | D:3      | Found a faded altar of an unknown god.
  1149 | D:3      | Reached XP level 5. HP: 32/46 MP: 5/5
  1488 | D:4      | Found an ornate altar of the Wu Jian Council.
  1524 | D:4      | Reached skill level 7 in Axes
  1554 | D:4      | Reached XP level 6. HP: 23/55 MP: 6/6
  1569 | D:4      | Got a twisted robe
  1583 | D:4      | Identified the +2 robe "Lizokot" {rF- rN+ rCorr} (You found
                  | it on level 4 of the Dungeon)
  1702 | D:3      | You fall through a shaft for 2 floors!
  1702 | D:5      | Entered Level 5 of the Dungeon
  1734 | D:5      | Found a staircase to the Ecumenical Temple.
  1743 | Temple   | Entered the Ecumenical Temple
  2071 | D:5      | Reached skill level 8 in Axes
  2123 | D:5      | Found Byxzuh's Magic Scroll Emporium.
  2382 | D:4      | HP: 11/55 [centaur zombie (3)]
  2389 | D:4      | HP: 7/55 [centaur zombie (4)]
  2401 | D:4      | HP: 6/55 [hound zombie (1)]
  2412 | D:4      | Reached XP level 7. HP: 28/61 MP: 7/7
  2483 | D:4      | Reached skill level 9 in Axes
  2542 | D:4      | Found a glowing golden altar of the Shining One.
  2603 | D:4      | Found a stormy altar of Qazlal.
  2626 | D:4      | HP: 13/61 [orc/war axe (3)]
  2807 | D:4      | Reached skill level 10 in Axes
  2917 | D:6      | Found Ysmey's General Store.
  2920 | D:6      | Noticed a two-headed ogre
  2972 | D:6      | HP: 14/61 [bullfrog (5)]
  3067 | D:6      | HP: 10/61 [centaur/arrow (4)]
  3081 | D:6      | HP: 14/61 [hound (2)]
  3082 | D:6      | HP: 4/61 [centaur (4)]
  3085 | D:6      | Reached skill level 4 in Dodging
  3101 | D:6      | Reached XP level 8. HP: 29/68 MP: 7/7
  3108 | D:6      | Reached skill level 5 in Dodging
  3120 | D:6      | HP: 25/102 [orc warrior/war axe (2)]
  3123 | D:6      | Reached skill level 6 in Dodging
  3150 | D:6      | HP: 13/68 [phantom (3)]
  3161 | D:6      | HP: 16/68 [phantom (6)]
  3227 | D:6      | HP: 11/68 [ogre/giant club (5)]
  3235 | D:6      | Reached skill level 7 in Dodging
  3255 | D:6      | HP: 14/68 [orc wizard/magic dart (5)]
  3267 | D:6      | HP: 12/68 [orc priest/divine providence (8)]
  3315 | D:6      | Reached skill level 11 in Axes
  3326 | D:6      | Found a basalt altar of Yredelemnul.
  3426 | D:6      | Noticed trianova's ghost (novice VSFi)
  3433 | D:6      | HP: 5/68 [two-headed ogre/giant club (17)]
  3439 | D:6      | HP: 14/68 [two-headed ogre/giant club (17)]
  3445 | D:6      | Killed a two-headed ogre
  3445 | D:6      | Reached skill level 12 in Axes
  3445 | D:6      | Gained mutation: You passively map the area around you.
                  | [Deep Dwarf growth]
  3445 | D:6      | Reached XP level 9. HP: 49/74 MP: 6/6
  3517 | D:6      | Found a runed door.
  3632 | D:7      | Noticed Joseph
  3644 | D:7      | Killed Joseph
  3706 | D:7      | HP: 17/74 [worker ant (3)]
  3715 | D:7      | Reached skill level 13 in Axes
  3773 | D:7      | HP: 16/74 [something/ball of steam (1)]
  3778 | D:7      | Gained mutation: Your system is resistant to poisons.
                  | (rPois) [potion of mutation]
  3778 | D:7      | Gained mutation: You are partially covered in rugged brown
                  | scales. (AC +1, +3% HP) [potion of mutation]
  3791 | D:7      | HP: 8/76 [steam dragon/ball of steam (21)]
  3798 | D:7      | Killed from afar by a steam dragon

Skill      XL: |  1  2  3  4  5  6  7  8  9 |
---------------+----------------------------+-----
Axes           | 4 5 6 7 8 10 12 13 | 13.2
Dodging        | 4 7 |  7.3
Fighting       | |  2.6
Stealth        | |  2.4

Action                   |  1- 3 |  4- 6 |  7- 9 || total
-------------------------+-------+-------+-------++-------
Melee: Hand axe          |   168 |   280 |   249 ||   697
       War axe           |       |       |    36 ||    36
       Battleaxe         |       |       |    56 ||    56
Throw: Stone             |    23 |       |       ||    23
       Throwing net      |       |       |     2 ||     2
 Abil: Heal Wounds       |     1 |     2 |    14 ||    17
  Use: Scroll            |       |     8 |     2 ||    10
       Potion            |       |     7 |     2 ||     9
 Stab: Sleeping          |     4 |     3 |     3 ||    10
       Distracted        |     1 |       |       ||     1
  Eat: Chunk             |       |     5 |     5 ||    10
Armor: Robe              |    14 |     9 |       ||    23
       Leather armour    |       |    31 |    63 ||    94
       Skin              |       |       |    50 ||    50
Dodge: Dodged            |   111 |   235 |   314 ||   660

Vault maps used:
D:1:      minmay_arrival_cross
D:2:      lemuel_coloured_pillars_altar, first_ration
D:3:      chequers_ecumenical_altar_simple_redux, serial_bayou_lagoon_a,
          serial_bayou_pond_d
D:4:      kennysheep_mini_moat, grunt_qazlal_clouds, lemuel_crystal_altar,
          serial_undead, serial_undead_a, serial_undead_d, serial_undead_b,
          serial_undead_e, serial_undead_b, serial_undead_a, serial_undead_b,
          serial_undead_a, serial_undead_a, serial_undead_f
D:5:      minmay_temple_entry_crystal_x, serial_shops, shop,
          hangedman_decor_clover_reticule, grunt_ministairs_5
D:6:      marbit_many_paths, hellmonk_ghost_happy_afterlife, serial_shops, shop,
          kennysheep_generic_room_15
D:7:      kennysheep_steamy, grunt_gozag_breadcrumbs,
          minmay_overflow_temple_star_hex, serial_glass, glass_columns_a,
          glass_columns_a, dk_yredelemnul_ordeal, uniq_joseph
Temple:   nicolae_temple_figure_zero

Table legend:
 A = Turns spent in this place as a percentage of turns spent in the entire game.
 B = Non-inter-level travel turns spent in this place as a percentage of non-inter-level travel turns spent in the entire game.
 C = Inter-level travel turns spent in this place as a percentage of turns spent in this place.
 D = Turns resting spent in this place as a percentage of non-inter-level travel turns spent in this place.
 E = Turns spent auto-exploring this place as a percentage of non-inter-level travel turns spent in this place.
 F = Non-inter-level travel turns spent in this place divided by the number of levels of this place that you've seen.
                   A       B       C       D       E      F
               +-------+-------+-------+-------+-------+----------------------
         Total | 100.0 | 100.0 |   5.4 |   0.0 |   1.8 | 449.2
       Dungeon |  98.4 |  98.4 |   5.5 |   0.0 |   1.8 | 505.0
        Temple |   1.6 |   1.6 |   0.0 |   0.0 |   0.0 |  59.0
               +-------+-------+-------+-------+-------+----------------------

Table legend:
 A = Kills in this place as a percentage of kills in entire the game.
 B = Kills by you in this place as a percentage of kills by you in the entire game.
 C = Kills by friends in this place as a percentage of kills by friends in the entire game.
 D = Other kills in this place as a percentage of other kills in the entire game.
 E = Experience gained in this place as a percentage of experience gained in the entire game.
 F = Experience gained in this place divided by the number of levels of this place that you have seen.
                   A       B       C       D       E      F
               +-------+-------+-------+-------+-------+----------------------
         Total | 100.0 | 100.0 |   N/A |   N/A | 100.0 | 559.1
       Dungeon | 100.0 | 100.0 |   N/A |   N/A | 100.0 | 639.0
               +-------+-------+-------+-------+-------+----------------------
